 Dungeon Crawl Stone Soup version 0.29-a0-993-g4a18f31a58 (webtiles) character file.

Game seed: 10111426650122543760

14 vurker the Sneak (level 2, -1/14 HPs)
             Began as a Vine Stalker Enchanter on Aug 2, 2022.
             Succumbed to an adder's poison
             ... on level 2 of the Dungeon.
             The game lasted 00:00:49 (723 turns).

vurker the Sneak (Vine Stalker Enchanter)            Turns: 723, Time: 00:00:50

Health: -1/14      AC:  2    Str: 10    XL:     2   Next: 45%
Magic:  3/6        EV: 11    Int: 15    God:
Gold:   28         SH:  8    Dex: 14    Spells: 5/5 levels left

rFire   . . .      SeeInvis .   f - +0 short sword
rCold   . . .      Faith    .   h - +0 buckler
rNeg    . . .      Spirit   +   b - +0 robe
rPois   .          Reflect  +   (no helmet)
rElec   .          Harm     .   (no cloak)
rCorr   .          Rampage  .   (no gloves)
Will    .....                   (no boots)
Stlth   +++.......              d - amulet of reflection
HPRegen 0.04/turn               (no ring)
MPRegen 0.10/turn               (no ring)

@: lethally poisoned (-1 -> -9)
A: fangs 2, magic shield, antimagic bite, no potion heal 2
a: no special abilities


You were on level 2 of the Dungeon.
You visited 1 branch of the dungeon, and saw 2 of its levels.

You collected 28 gold pieces.

Inventory:

Hand Weapons
 f - a +0 short sword (weapon)
   (You took it off a kobold on level 1 of the Dungeon)
Armour
 b - a +0 robe (worn)
 h - a +0 buckler (worn)
   (You found it on level 1 of the Dungeon)
Jewellery
 d - an amulet of reflection (around neck)
   (You found it on level 1 of the Dungeon)
Scrolls
 g - a scroll of teleportation {unknown}
 i - a scroll of silence {unknown}
 j - a scroll of blinking {unknown}
 k - a scroll of immolation {unknown}
Potions
 a - a potion of ambrosia {unknown}
 c - 2 potions of invisibility
 e - a potion of curing {unknown}


   Skills:
 + Level 0.6 Fighting
 * Level 1.6 Short Blades
 - Level 1.5 Dodging
 + Level 3.9 Stealth
 - Level 2.1 Spellcasting
 - Level 3.0 Hexes


You had 5 spell levels left.
You didn't know any spells.
Your spell library contained the following spells:

 Spells                   Type           Power      Damage    Failure   Level
 Ensorcelled Hibernation  Hex/Ice        12%        N/A       24%         2
 Confusing Touch          Hex            10%        N/A       26%         3
 Tukima's Dance           Hex            10%        N/A       26%         3
 Dazzling Flash           Conj/Hex       12%        N/A       43%         3
 Summon Guardian Golem    Hex/Summ       6%         N/A       43%         3
 Orb of Destruction       Conj           0%         9d5       100%        7
 Spellforged Servitor     Conj/Summ      0%         N/A       100%        7


Dungeon Overview and Level Annotations

Branches:
Dungeon (2/15)

Altars:


Innate Abilities, Weirdness & Mutations

You have extremely sharp teeth.
When hurt, damage is shared between your health and your magic reserves.
Your bite disrupts and absorbs the magic of your enemies.
Potions cannot restore your health.


Message History

You block the quokka's attack.
You hit the quokka. You block the quokka's attack.
You closely miss the quokka. Your bite misses the quokka.
You block the quokka's attack. x2
You hit the quokka.
You kill the quokka!
No target in view!
No target in view!
No target in view!
No target in view!
No target in view!
No target in view!
No target in view!
No target in view!
No target in view!
You now have 28 gold pieces (gained 4).
You see here a quokka corpse.
Found a scroll labelled ZAZE BICAONEMI.
k - a scroll labelled ZAZE BICAONEMI Done exploring.
Done exploring.
Done exploring.
Done exploring.
There is a stone staircase leading down here.
You climb downwards.
There is a stone staircase leading up here.
An adder comes into view.
Found 6 stones.
The adder hisses angrily.
The adder closely misses you.
You hit the adder but do no damage. The adder closely misses you.
You hit the adder. Your bite misses the adder. You block the adder's attack. x2
You hit the adder. You block the adder's attack.
You hit the adder but do no damage. The adder bites you but does no damage.
The adder bites you.
You hit the adder. Your bite misses the adder. You block the adder's attack.
You closely miss the adder. The adder bites you.
You are poisoned.
The adder poisons you!
You closely miss the adder. Your bite misses the adder.
You feel sick. The adder bites you.
* * * LOW HITPOINT WARNING * * *
You are more poisoned.
The adder poisons you! The adder misses you.
You hit the adder but do no damage.
* * * LOW HITPOINT WARNING * * *
You feel very sick. The adder misses you.
You closely miss the adder.
You die...

#..#.. #.# ....
#.# ...... #.#
...#.# #.#
#..#.# #.#
#..#.# #.#
#S.#.# #.#
##@.#.# #<#
#...#.# #.#
#..##..##.####.#
#..............#
#......#########
#......#
#......#
#......#
#.#.#.##


You could see an adder.

Vanquished Creatures
  An endoplasm (D:1)
  3 goblins (D:1)
  3 kobolds (D:1)
  2 quokkas (D:1)
  2 ball pythons (D:1)
  A bat (D:1)
  A rat (D:1)
13 creatures vanquished.

Notes
Turn   | Place    | Note
-------+----------+-------------------------------------------
     0 | D:1      | vurker the Vine Stalker Enchanter began the quest for the
                  | Orb.
     0 | D:1      | Reached XP level 1. HP: 9/9 MP: 4/4
    33 | D:1      | Reached skill level 1 in Short Blades
   341 | D:1      | Reached XP level 2. HP: 12/14 MP: 4/6
   723 | D:2      | Succumbed to an adder's poison

Illustrated notes

Levels and vault maps discovered:
D:1:      lightli_arrival_boilingwater, layout_basic
D:2:      layout_loops_ring, hellmonk_ecumenical_altar_inner_sanctum,
          hangedman_decor_growths

Skill      XL: |  1 |
---------------+----+-----
Short Blades   | 1 |  1.6
Fighting       | |  0.6
Dodging        | |  1.5
Stealth        | |  3.9
Spellcasting   | |  2.1
Hexes          | |  3.0

Action                   || total
-------------------------++-------
Melee: Short sword       ||    43
       Dagger            ||    10
       Bite              ||    11
 Stab: Sleeping          ||     2
Armor: Robe              ||     5
Dodge: Dodged            ||    25
Block: Other             ||     6
       Buckler           ||    13

Table legend: (Time is in decaauts)
 A = Elapsed time spent in this place.
 B = Non-inter-level travel time spent in this place.
 C = Inter-level travel time spent in this place.
 D = Time resting spent in this place.
 E = Time spent auto-exploring this place.
 F = Levels seen in this place.
 G = Mean time per level.
                   A        B        C        D        E       F      G
               +--------+--------+--------+--------+--------+-----+--------+
         Total |    726 |    679 |     47 |      0 |    531 |   2 |  363.0 |
       Dungeon |    726 |    679 |     47 |      0 |    531 |   2 |  363.0 |
               +--------+--------+--------+--------+--------+-----+--------+

Top non-repeatable levels by time:
     D:1: 703 daAuts
     D:2: 23 daAuts
